AoeStats
← EL MIME

Arabia

507366551Analyzed
3v3 RM · 13d ago on Sep 17, 2026· 44m 16s· 6 players
Game mode
Random Map
Map size
Normal (6 player)
Population
200
Speed
Normal
Resources
Standard
Victory
Conquest
Starting age
Dark Age
Ending age
Imperial Age
RankedLock teamsTeams togetherTeam positionsShared explorationLock speedFull tech treeHidden civsTurbo modeCheats
Victory
Defeat
🇸🇪 Persians · Sweden
1057
+15
🇺🇸 Bohemians · United States
1038
+15
🇨🇴 Burgundians · Colombia
936
+20
🇪🇸 Berbers · Spain
1068
-18
🇨🇦 Magyars · Canada
1004
-16
🇪🇸 Franks · Spain
998
-16
jussilliman
3:26 Loom
10:03 Feudal Age
21:54 Castle Age
24:27 Chemistry
23:10 Pikeman
32:49 Padded Archer Armor
38:41 Squires
Richicuc
0:33 Loom
9:53 Feudal Age
9:14 Double-Bit Axe
10:38 Horse Collar
12:08 Heavy Plow
15:53 Wheelbarrow
20:26 Castle Age
19:26 Bow Saw
20:02 Scale Barding Armor
20:37 Forging
20:37 Gold Mining
20:33 Cavalier
21:55 Husbandry
24:14 Gold Shaft Mining
26:36 Chain Barding Armor
27:00 Hand Cart
28:46 Iron Casting
34:55 Crop Rotation
37:18 Two-Man Saw
39:53 Imperial Age
40:02 Paladin
41:21 Plate Barding Armor
41:47 Blast Furnace
40:45 Stone Mining
41:32 Padded Archer Armor
41:23 Fletching
41:47 Town Watch
42:13 Pikeman
42:54 Squires
42:14 Man-at-Arms
42:40 Arson
43:08 Treadmill Crane
43:24 Murder Holes
43:43 Town Patrol
43:30 Light Cavalry
44:23 Guilds
44:44 Coinage
44:15 Caravan
45:10 Stone Shaft Mining
45:55 Chemistry
Gautier Sans-Avoir
8:21 Loom
10:21 Feudal Age
11:03 Double-Bit Axe
13:48 Horse Collar
17:29 Wheelbarrow
21:09 Castle Age
22:25 Heavy Plow
23:25 Bow Saw
23:40 Fletching
23:51 Padded Archer Armor
25:58 Bodkin Arrow
26:19 Leather Archer Armor
26:19 Masonry
26:03 Gold Mining
26:03 Stone Mining
26:59 Hand Cart
28:46 Kamandaran
29:35 Crossbowman
32:09 Scale Barding Armor
32:10 Town Watch
33:23 Thumb Ring
34:09 Ballistics
37:21 Gold Shaft Mining
40:48 Murder Holes
44:38 Imperial Age
42:13 Devotion
42:40 Chain Barding Armor
42:31 Forging
43:49 Herbal Medicine
45:55 Chemistry
EL MIME
6:57 Loom
10:04 Feudal Age
11:10 Double-Bit Axe
14:46 Scale Barding Armor
15:40 Bloodlines
17:04 Gold Mining
17:11 Gold Mining
22:21 Castle Age
25:21 Elite Skirmisher
27:10 Chain Barding Armor
29:02 Pikeman
31:27 Wheelbarrow
Elamb
7:00 Loom
9:27 Feudal Age
13:13 Double-Bit Axe
13:42 Horse Collar
20:49 Castle Age
19:21 Bloodlines
21:59 Scale Barding Armor
23:35 Forging
24:38 Chain Barding Armor
25:52 Wheelbarrow
25:05 Town Watch
25:28 Husbandry
27:08 Iron Casting
27:09 Heavy Plow
28:47 Hand Cart
29:57 Bow Saw
39:29 Imperial Age
37:00 Gold Mining
41:02 Plate Barding Armor
40:39 Heavy Camel Rider
Kaede
8:23 Loom
11:22 Feudal Age
13:03 Wheelbarrow
16:14 Double-Bit Axe
25:33 Castle Age
26:04 Forging
26:00 Scale Barding Armor
27:41 Bow Saw
28:56 Chain Barding Armor
32:11 Iron Casting
37:15 Ballistics
40:17 Imperial Age
37:53 Pikeman
38:52 Squires
38:57 Scale Mail Armor
40:43 Hand Cart
42:10 Conscription
42:31 Plate Barding Armor
42:57 Blast Furnace
41:29 Cavalier
44:42 Chemistry
43:39 Murder Holes
44:22 Husbandry
Connection lost

Rejoining the realm…

Still unreachable

The connection could not be restored.

Session expired

The server has moved on; the page needs a fresh start.